 Dungeon Crawl Stone Soup version 0.18.1-48-g4cf74bf (webtiles) character file.

100 Iskender the Chiller (level 4, -10/27 HPs)
             Began as an Octopode Ice Elementalist on Sept 7, 2016.
             Killed by divine providence
             ... invoked by an orc priest
              (12 damage)
             ... on level 3 of the Dungeon.
             The game lasted 00:14:09 (2231 turns).

Iskender the Chiller (Octopode Ice Elementalist)    Turns: 2231, Time: 00:14:10

Health: -10/27     AC:  1    Str:  7    XL:     4   Next: 73%
Magic:  1/7        EV: 12    Int: 18    God:
Gold:   153        SH:  0    Dex: 16    Spells: 2 memorised, 4 levels left

rFire  . . .     SeeInvis .     a - +0 mace
rCold  . . .     Gourm    .     (no shield)
rNeg   . . .     Faith    .     (helmet restricted)
rPois  .         Spirit   .     (no amulet)
rElec  .         Dismiss  .     k - +4 ring of dexterity
rCorr  .         Reflect  .     (no ring)
SustAt .         Harm     .     (no ring)
MR     .....                    (no ring)
Stlth  ++++......               (no ring)
                                (no ring)
                                (no ring)
                                (no ring)

@: not resistant to hostile enchantments, stealthy
A: almost no armour, amphibious, 8 rings, constrict 8, camouflage 1, gelatinous
body 1
a: no special abilities


You were on level 3 of the Dungeon.
You were hungry.

You visited 1 branch of the dungeon, and saw 3 of its levels.

You collected 153 gold pieces.

Inventory:

Hand Weapons
 a - a +0 mace (weapon)
 b - a +0 hunting sling
 e - a +0 short sword
Missiles
 g - 56 stones (quivered)
 h - 16 bolts
 r - 12 sling bullets
Jewellery
 k - a +4 ring of dexterity (left tentacle)
Scrolls
 p - 5 scrolls of enchant armour {unknown}
 s - 4 scrolls of identify {unknown}
Potions
 i - a potion of haste {unknown}
 l - a potion of invisibility {unknown}
 m - a potion of cancellation {unknown}
 n - a potion of ambrosia {unknown}
 o - a potion of resistance {unknown}
 q - a potion of curing {unknown}
Books
 c - a book of Frost

   Spells                             Type                      Level
   a - Freeze                         Ice                          1
   b - Throw Frost                    Conjuration/Ice              2
   c - Ozocubu's Armour               Charms/Ice                   3
   d - Throw Icicle                   Conjuration/Ice              4
   e - Summon Ice Beast               Ice/Summoning                4
Comestibles
 d - 4 fruits
 f - 3 meat rations
 j - 2 slices of pizza
 t - a beef jerky
 u - 2 bread rations
 v - 2 chunks of flesh
 w - 2 royal jellies


   Skills:
 - Level 2.0 Dodging
 - Level 3.2 Stealth
 - Level 2.0 Spellcasting
 - Level 3.0 Conjurations
 + Level 4.1 Ice Magic


You had 4 spell levels left.
You knew the following spells:

 Your Spells              Type           Power        Failure   Level  Hunger
a - Freeze                Ice            ###.         3%          1    #......
b - Throw Frost           Conj/Ice       ##....       8%          2    ###....


Dungeon Overview and Level Annotations

Branches:
Dungeon (3/15)

Altars:


Innate Abilities, Weirdness & Mutations

You cannot wear most types of armour.
You are amphibious.
You can wear up to eight rings at the same time.
You can use your tentacles to constrict eight enemies at once.
Your skin changes colour to match your surroundings (Stealth).
Your rubbery body absorbs attacks (AC +1).


Message History

The orc priest is moderately wounded.
Casting: Throw Frost
Confirm with . or Enter, or press ? or * to list all spells.
Aiming: Throw Frost
Press: ? - help, Shift-Dir - straight line, f/p - orc priest
Aim: an orc priest, wielding a falchion (moderately wounded)
The puff of frost hits the orc priest.
The orc priest is heavily wounded.
Casting: Throw Frost
Confirm with . or Enter, or press ? or * to list all spells.
Aiming: Throw Frost
Press: ? - help, Shift-Dir - straight line, f/p - orc priest
Aim: an orc priest, wielding a falchion (heavily wounded)
The puff of frost hits the orc priest.
The orc priest is almost dead.
Wield which item (- for none, * to show all)? (? for menu, Esc to quit)
Okay, then.
The orc priest calls down the wrath of Beogh upon you.
Beogh smites you!
You die...

#.# #.# #.# #.# ###
#.##########'#### #.#
#...............#######.#
###########.......)..o..#
#......######.#
#......#....#.#
#.....o#.##.#.#
#..[..@#<.#.#.#
#......#..#.#.#
##'###.#..#.#.# #.#
#.#..#.#.# #.# #.#..#.#.#
#.# #.#..#.#.# #.#
#.#..#.#.# #.# #.#..#.#.#
#.# #.#..#.#.#


You could see an orc priest.

Vanquished Creatures
  4 adders
  A worm (D:2)
  3 dart slugs
  2 giant geckos
  3 orcs (D:3)
  2 giant cockroaches (D:1)
  4 goblins
  4 hobgoblins
  A jackal (D:3)
  2 ball pythons (D:2)
  6 bats
  5 giant newts
  5 kobolds
  12 rats
54 creatures vanquished.

Notes
Turn   | Place    | Note
--------------------------------------------------------------
     0 | D:1      | Iskender the Octopode Ice Elementalist began the quest for the Orb.
     0 | D:1      | Reached XP level 1. HP: 11/11 MP: 3/3
   178 | D:1      | Reached XP level 2. HP: 11/17 MP: 0/5
   184 | D:1      | Learned a level 2 spell: Throw Frost
   696 | D:2      | Reached XP level 3. HP: 20/21 MP: 4/6
  1685 | D:3      | Reached XP level 4. HP: 20/27 MP: 7/7
  2106 | D:3      | Reached skill level 4 in Ice Magic
  2231 | D:3      | Killed from afar by an orc priest

Skill      XL: |  1  2  3  4 |
---------------+-------------+-----
Conjurations   | 2 3 |  3.0
Stealth        | 3 |  3.2
Ice Magic      | 4 |  4.1
Dodging        | |  2.0
Spellcasting   | |  2.0

Action                   |  1- 3 |  4- 6 || total
-------------------------+-------+-------++-------
Melee: Mace              |    43 |    12 ||    55
       Constrict         |    10 |     3 ||    13
       Tentacles         |     5 |     1 ||     6
 Fire: Hunting sling     |     9 |     2 ||    11
Throw: Stone             |     5 |     3 ||     8
 Cast: Freeze            |    31 |     8 ||    39
       Throw Frost       |     8 |     9 ||    17
  Use: Scroll            |     1 |       ||     1
 Stab: Sleeping          |     6 |     2 ||     8
  Eat: Chunk             |     3 |     2 ||     5
Armor: Skin              |     3 |     1 ||     4
Dodge: Dodged            |    36 |    13 ||    49
